 Dungeon Crawl Stone Soup version 0.27.1-33-g824d729ab1 (webtiles) character file.

Game seed: 17109879115620008487

2797 pkoi the Martial Artist (level 9, -13/70 HPs)
             Began as a Pale Draconian Monk on Nov 24, 2021.
             Was a High Priest of Elyvilon.
             Mangled by a boulder beetle (18 damage)
             ... on level 8 of the Dungeon.
             The game lasted 00:13:06 (10076 turns).

pkoi the Martial Artist (Pale Draconian Monk)      Turns: 10076, Time: 00:13:07

Health: -13/70     AC:  8    Str: 13    XL:     9   Next: 43%
Magic:  2/13       EV: 12    Int: 14    God:    Elyvilon [*****.]
Gold:   471        SH:  0    Dex: 14    Spells: 12/14 levels left

rFire    . . .     SeeInvis .   b - +0 dagger
rCold    . . .     Faith    .   (no shield)
rNeg     + . .     Spirit   .   (armour unavailable)
rPois    .         Reflect  .   (helmet restricted)
rElec    .         Harm     .   x - +0 cloak
rCorr    .         Rampage  .   (no gloves)
Will     .....                  (no boots)
Stlth    +++.......             (no amulet)
HPRegen  0.21/turn              o - ring of positive energy
MPRegen  0.13/turn              n - ring of wizardry

@: no status effects
A: breathe steam, AC +7, unfitting armour, cold-blooded, steam resistance
a: Breathe Steam, Renounce Religion, Lesser Healing, Heal Other, Purification,
Greater Healing, Divine Vigour, Divine Protection


You were on level 8 of the Dungeon.
You worshipped Elyvilon.
Elyvilon was extremely pleased with you.
You visited 1 branch of the dungeon, and saw 8 of its levels.
You also visited: Sewer.

You collected 471 gold pieces.

Inventory:

Hand Weapons
 b - a +0 dagger (weapon)
 u - the +7 war axe of pkoi's Certain Death {antimagic, Int+2}
   (You found it on level 7 of the Dungeon)

   It reduces the magical energy of the wielder, and disrupts the spells and
   magical abilities of those it strikes.
   Natural abilities and divine invocations are not affected.
   Int:       It affects your intelligence (+2).
Missiles
 s - 35 poisoned darts (quivered)
Armour
 x - a +0 cloak (worn)
Jewellery
 a - a ring of resist corrosion
 n - a ring of wizardry (right hand)
 o - a ring of positive energy (left hand)
 q - a +4 ring of evasion
Wands
 f - a wand of flame (13)
 t - a wand of paralysis (9)
 v - a wand of mindburst (8)
 w - a wand of acid (6)
Scrolls
 c - 3 scrolls of teleportation
 g - 2 scrolls of identify
 k - a scroll of fear
 l - a scroll of enchant weapon
 p - 3 scrolls of amnesia
 r - a scroll of fog
 y - a scroll of blinking
 z - a scroll of magic mapping
Potions
 d - 2 potions of curing
 e - 4 potions of haste
 h - a potion of flight
 i - a potion of mutation
 j - 4 potions of heal wounds
 m - 3 potions of lignification


   Skills:
 - Level 3.2 Fighting
 + Level 3.4 Short Blades
 - Level 2.6 Dodging
 + Level 4.0 Stealth
 * Level 9.2 Unarmed Combat
 + Level 3.0 Spellcasting
 + Level 3.1 Hexes
 + Level 3.4 Ice Magic
 * Level 5.4 Invocations


You had 12 spell levels left.
You knew the following spells:

 Your Spells              Type           Power      Damage    Failure   Level
a - Ensorcelled Hibernat  Hex/Ice        22%        N/A       3%          2

Your spell library contained the following spells:

 Spells                   Type           Power      Damage    Failure   Level
 Corona                   Hex            12%        N/A       2%          1
 Tukima's Dance           Hex            11%        N/A       7%          3
 Sandblast                Erth           4%         2d4       9%          1
 Passwall                 Tmut/Erth      1%         N/A       13%         2
 Lee's Rapid Deconstruct  Erth           1%         3d5*      90%         5


Dungeon Overview and Level Annotations

Branches:
Dungeon (8/15)             Temple (0/1) D:6            Lair (0/6) D:8
  Sewer (visited)

Altars:
Ashenzari
Cheibriados
Elyvilon
Kikubaaqudgha
Vehumet

Annotations:
D:2 Terence
D:6 2 runed translucent doors, oldmanjim's ghost, novice GrFi
D:8 Maggie


Innate Abilities, Weirdness & Mutations

You can breathe blasts of scalding, opaque steam.
Your pale cyan-grey scales are hard. (AC +7)
You cannot fit into any form of body armour.
You are cold-blooded and may be slowed by cold attacks.
You are immune to the effects of steam.


Message History

b - a +0 dagger (weapon)
The boulder beetle curls into a ball and begins rolling!
Casting: Ensorcelled Hibernation (safe; 3% risk of failure)
Confirm with . or Enter, or press ? or * to list all spells.
Aiming: Ensorcelled Hibernation (safe; 3% risk of failure)
Press: ? - help, Shift-Dir - straight line, f/p - boulder beetle
Aim: a boulder beetle (rolling, chance to affect: 26%)
The boulder beetle resists with almost no effort.
Casting: Ensorcelled Hibernation (safe; 3% risk of failure)
Confirm with . or Enter, or press ? or * to list all spells.
Aiming: Ensorcelled Hibernation (safe; 3% risk of failure)
Press: ? - help, Shift-Dir - straight line, f/p - boulder beetle
Aim: a boulder beetle (rolling, chance to affect: 26%)
The boulder beetle resists with almost no effort.
The boulder beetle hits you!
The boulder beetle stops rolling and uncurls.
Casting: Ensorcelled Hibernation (safe; 3% risk of failure)
Confirm with . or Enter, or press ? or * to list all spells.
Aiming: Ensorcelled Hibernation (safe; 3% risk of failure)
Press: ? - help, Shift-Dir - straight line, f/p - boulder beetle
Aim: a boulder beetle (chance to affect: 26%)
The boulder beetle resists with almost no effort.
The boulder beetle bites you!!
* * * LOW HITPOINT WARNING * * *
Casting: Ensorcelled Hibernation (safe; 3% risk of failure)
Confirm with . or Enter, or press ? or * to list all spells.
Aiming: Ensorcelled Hibernation (safe; 3% risk of failure)
Press: ? - help, Shift-Dir - straight line, f/p - boulder beetle
Aim: a boulder beetle (chance to affect: 26%)
The boulder beetle looks drowsy...
The helpless boulder beetle fails to defend itself.
You impale the boulder beetle!!
The boulder beetle is moderately wounded.
The boulder beetle bites you!!
* * * LOW HITPOINT WARNING * * *
Press: ? - help, Dir - move target, f/p - boulder beetle Heal: a boulder beetle (moderately wounded, chance to pacify: 43%)
The light of Elyvilon fails to reach the boulder beetle.
The boulder beetle bites you!!
You die...

.......#.#...#.##...........#
.........#...#.....#...(....#
...............#.###........#
...........#####># ##..######
..........## ##..# #...#####
........######..# ##.......#
......#.###.....####...##....
.......?...#......###...#....#
......#........B@.#.....# ...#
......###.............#.......
...................#..##.#....
.....###.#.##....[.#..# #....
...### #.###.....##...###.##.
...## #..#.#.)..##....#...
....###.....##$...........^.
.##...#(........###.........
####....####...## #..........


You could see a boulder beetle.

Vanquished Creatures
  Grinder (D:5)
  Prince Ribbit (D:8)
  3 water moccasins (D:6)
  An orc warrior (D:7)
  An ice beast (D:7)
  2 ogres
  A necrophage (D:3)
  2 centaurs
  A kobold brigand (D:8)
  A bullfrog (D:8)
  2 scorpions
  4 wights (D:6)
  3 vampire bats (D:3)
  A centaur zombie (D:8)
  3 bullfrog zombies
  3 bullfrog skeletons (D:6)
  3 hounds
  3 jellies
  3 orc priests (D:7)
  A centaur skeleton (D:5)
  An iguana (D:4)
  Jessica (D:2)
  An orc wizard (D:7)
  A howler monkey zombie (D:4)
  12 adders
  2 river rats (D:3)
  4 shadow imps
  3 white imps
  An adder skeleton (D:5)
  2 worms (D:3)
  4 dart slugs
  15 orcs
  8 ball pythons
  3 bat skeletons (D:3)
  3 bat zombies (D:3)
  7 endoplasms
  6 giant cockroaches
  3 goblins
  4 hobgoblins
  8 jackals
  4 quokkas
  2 bats
  8 frilled lizards
  13 kobolds
  10 rats
166 creatures vanquished.

Vanquished Creatures (collateral kills)
  A jelly (D:4)
  A giant cockroach (D:4)
  A quokka (D:4)
3 creatures vanquished.

Vanquished Creatures (others)
  An orc wizard (D:7)
  4 plants (Sewer)
5 creatures vanquished.

Grand Total: 174 creatures vanquished

Notes
Turn   | Place    | Note
-------+----------+-------------------------------------------
     0 | D:1      | pkoi the Draconian Monk began the quest for the Orb.
     0 | D:1      | Reached XP level 1. HP: 19/19 MP: 1/1
   245 | D:1      | Reached XP level 2. HP: 24/26 MP: 2/2
   481 | D:1      | Reached skill level 4 in Unarmed Combat
   518 | D:1      | Reached XP level 3. HP: 27/31 MP: 3/3
   851 | D:1      | Found a faded altar of an unknown god.
   991 | D:2      | Noticed Jessica
  1006 | D:2      | Killed Jessica
  1260 | D:2      | Noticed Terence
  1527 | D:3      | Reached skill level 5 in Unarmed Combat
  1527 | D:3      | Reached XP level 4. HP: 38/38 MP: 4/4
  1662 | D:3      | Found a glowing drain.
  1667 | Sewer    | Entered a sewer
  2452 | D:3      | Noticed a necrophage
  2470 | D:3      | Killed a necrophage
  2471 | D:3      | Reached skill level 6 in Unarmed Combat
  2471 | D:3      | Reached XP level 5. HP: 4/45 MP: 5/5
  3433 | D:3      | Found an ancient bone altar of Kikubaaqudgha.
  3435 | D:3      | Reached XP level 6. HP: 50/51 MP: 6/6
  3453 | D:3      | Reached skill level 7 in Unarmed Combat
  3650 | D:3      | Learned a level 2 spell: Ensorcelled Hibernation
  4269 | D:4      | Found a white marble altar of Elyvilon.
  4287 | D:4      | Became a worshipper of Elyvilon the Healer
  4287 | D:4      | Reached * piety under Elyvilon
  4287 | D:4      | Reached ** piety under Elyvilon
  4315 | D:4      | Reached skill level 1 in Short Blades
  4315 | D:4      | Reached skill level 1 in Ice Magic
  4315 | D:4      | Your scales start taking on a pale cyan-grey colour.
  4315 | D:4      | Reached XP level 7. HP: 17/57 MP: 6/8
  4315 | D:4      | Gained mutation: You are immune to the effects of steam.
                  | [Pale Draconian growth]
  4538 | D:4      | Reached skill level 1 in Invocations
  4609 | D:4      | Reached skill level 1 in Hexes
  4738 | D:4      | Found a broken altar of Ashenzari.
  4767 | D:4      | Found a radiant altar of Vehumet.
  4914 | D:5      | Entered Level 5 of the Dungeon
  4925 | D:5      | Noticed Grinder
  5023 | D:5      | Reached skill level 1 in Spellcasting
  5716 | D:5      | Reached *** piety under Elyvilon
  6015 | D:6      | Found a runed translucent door.
  6016 | D:6      | Noticed oldmanjim's ghost (novice GrFi)
  6066 | D:6      | Reached skill level 8 in Unarmed Combat
  6304 | D:6      | Reached XP level 8. HP: 52/63 MP: 10/10
  7398 | D:6      | Found a runed translucent door.
  7525 | D:6      | Found a staircase to the Ecumenical Temple.
  8303 | D:7      | Reached **** piety under Elyvilon
  8380 | D:7      | Reached XP level 9. HP: 58/70 MP: 12/12
  8615 | D:7      | Found a snail-covered altar of Cheibriados.
  8686 | D:7      | Identified the +7 war axe of pkoi's Certain Death
                  | {antimagic, Int+2}
  8977 | D:5      | Paralysed by Grinder for 3 turns
  8987 | D:5      | Killed Grinder
  8988 | D:5      | Reached skill level 9 in Unarmed Combat
  9150 | D:8      | Noticed Prince Ribbit
  9164 | D:8      | Killed Prince Ribbit
  9165 | D:8      | Reached skill level 5 in Invocations
  9614 | D:8      | Reached ***** piety under Elyvilon
  9656 | D:8      | Noticed Maggie
  9674 | D:8      | Found a staircase to the Lair.
  9691 | D:8      | Noticed a boulder beetle
 10076 | D:8      | Mangled by a boulder beetle

Illustrated notes

Levels and vault maps discovered:
D:1:      dpeg_arrival_rhombus, layout_basic, dreamdust_ecumenical_altar_grove,
          chequers_decorated_corner, st_stairs_9, serial_park_tiny_1,
          minmay_misc_feat_doors
D:2:      layout_rooms, uniq_terence, uniq_jessica
D:3:      layout_loops_ring, kennysheep_vampire_church,
          lightli_sewer_entry_pipes
D:4:      layout_basic, elyvilon_altar_4, vehumet_crystals,
          cheibrodos_ashenzari_chains
D:5:      layout_gridville, chequers_arboretum, uniq_grinder
D:6:      layout_basic, temple_statues, ebering_ghost_sewer_f, minmay_pentangle
D:7:      layout_basic, cheibriados_altar_1
D:8:      layout_cave_pools, lair_entry_dummy, minmay_misc_feat_cross,
          minmay_misc_feat_enclosed, uniq_maggie, uniq_prince_ribbit1

Skill      XL: |  1  2  3  4  5  6  7  8  9 |
---------------+----------------------------+-----
Unarmed Combat | 4 5 6 7 8 9 |  9.2
Stealth        | 2 3 4 |  4.0
Short Blades   | 1 3 |  3.4
Ice Magic      | 1 2 3 |  3.4
Invocations    | 2 4 5 |  5.4
Hexes          | 1 2 3 |  3.1
Spellcasting   | 1 2 3 |  3.0
Fighting       | |  3.2
Dodging        | |  2.6

Action                   |  1- 3 |  4- 6 |  7- 9 || total
-------------------------+-------+-------+-------++-------
Melee: Unarmed           |   105 |   253 |   211 ||   569
       Tailslap          |    18 |    21 |    27 ||    66
       Punch             |     3 |     6 |     4 ||    13
       War axe           |       |       |    16 ||    16
       Dagger            |       |       |     1 ||     1
 Cast: Ensorcelled Hiber |       |       |     8 ||     8
Invok: Heal Other        |       |       |     1 ||     1
 Abil: Breathe Steam     |       |       |    15 ||    15
  Use: Scroll            |     4 |     7 |     8 ||    19
       Potion            |       |     1 |       ||     1
 Stab: Sleeping          |     2 |     5 |     7 ||    14
       Distracted        |       |     1 |       ||     1
Armor: Skin              |    25 |    83 |    62 ||   170
Dodge: Dodged            |    48 |   132 |   132 ||   312
